[Event "ICC tourney 2246 (120 10)"]
[Site "Internet Chess Club"]
[Date "2020.12.27"]
[Round "3"]
[White "thanhcaptures"]
[Black "GagikG2009"]
[Result "0-1"]
[ICCResult "White checkmated"]
[WhiteElo "1197"]
[BlackElo "1130"]
[Opening "Scandinavian (center counter) defense"]
[ECO "B01"]
[NIC "SD.01"]
[Time "12:01:56"]
[PlyCount "132"]
[TimeControl "7200+10"]

1. e4 d5 2. exd5 Qxd5 3. Nc3 Qa5 4. Nf3 c6 5. Be2 Nf6 6. O-O Qc7 7. d4 Bf5
8. Ne5 e6 9. Bf4 Bd6 10. Bg3 Nbd7 11. Nxd7 Qxd7 12. Bh4 Qc7 13. g3 Nd5 14.
Nxd5 exd5 15. Re1 O-O 16. Bf3 Rae8 17. Qd2 h6 18. Rxe8 Rxe8 19. Re1 Rxe1+
20. Qxe1 g5 21. g4 Bxc2 22. Bg3 Bxg3 23. fxg3 Bg6 24. Qc3 Qb6 25. Kf2 Bb1
26. a3 Bg6 27. Ke3 Qc7 28. Qb4 Qb6 29. Qxb6 axb6 30. Kd2 f5 31. Kc3 Kf8 32.
gxf5 Bxf5 33. b4 g4 34. Bg2 Ke7 35. b5 Kd6 36. Kb4 Bd3 37. a4 Bc4 38. h3 h5
39. bxc6 bxc6 40. a5 bxa5+ 41. Kxa5 c5 42. dxc5+ Kxc5 43. Ka4 Kd4 44. Kb4
Kd3 45. hxg4 hxg4 46. Kc5 Ke3 47. Bh1 Kf2 48. Kd4 Kxg3 49. Bxd5 Bxd5 50.
Kxd5 Kh2 51. Ke4 g3 52. Kf3 g2 53. Kf2 g1=Q+ 54. Kf3 Qe1 55. Kf4 Qe2 56.
Kf5 Qe3 57. Kg4 Qf2 58. Kg5 Kh3 59. Kh5 Qf5+ 60. Kh6 Qg4 61. Kh7 Qg5 62.
Kh8 Kg3 63. Kh7 Kf4 64. Kh8 Kf5 65. Kh7 Kf6 66. Kh8 Qg7# { White checkmated
} 0-1

[Event "ICC tourney 2246 (120 10)"]
[Site "Internet Chess Club"]
[Date "2020.12.27"]
[Round "3"]
[White "SreeVSundaram"]
[Black "aang07"]
[Result "0-1"]
[ICCResult "White checkmated"]
[WhiteElo "914"]
[BlackElo "1130"]
[Opening "QGD: exchange, positional line"]
[ECO "D35"]
[NIC "QO.16"]
[Time "12:01:54"]
[PlyCount "98"]
[TimeControl "7200+10"]

1. d4 d5 2. c4 e6 3. Nc3 Nf6 4. cxd5 exd5 5. Bg5 Nbd7 6. e3 Be7 7. Bd3 h6
8. Bf4 O-O 9. Nf3 b6 10. O-O Bb7 11. Rc1 c5 12. b3 Ne4 13. Qc2 Ndf6 14. Ne5
Rc8 15. Rfe1 cxd4 16. Bxe4 Rxc3 17. Qb2 Rxc1 18. Rxc1 dxe4 19. exd4 Bd6 20.
a4 Bxe5 21. Bxe5 Ng4 22. Bf4 Qd7 23. Rc7 Qd5 24. Qc3 e3 25. f3 e2 26. Re7
Rc8 27. Qe1 Qxd4+ 28. Be3 Nxe3 29. Rxb7 Nc2+ 30. Kh1 Nxe1 31. Re7 Qd1 32.
g3 Nxf3+ 33. Kg2 e1=Q 34. Rxe1 Rc2+ 35. Kh3 Rxh2+ 36. Kg4 h5+ 37. Kf4 g5+
38. Kf5 Qd5+ 39. Kf6 Nd4 40. Re8+ Kh7 41. Rf8 Qf5+ 42. Ke7 Qe6+ 43. Kd8
Nc6+ 44. Kc7 Qe7+ 45. Kxc6 Rc2+ 46. Kb5 Qxf8 47. b4 Qc8 48. a5 Qc4+ 49. Ka4
Ra2# { White checkmated } 0-1

[Event "ICC tourney 2246 (120 10)"]
[Site "Internet Chess Club"]
[Date "2020.12.27"]
[Round "3"]
[White "DWilston"]
[Black "jhong2"]
[Result "0-1"]
[ICCResult "White checkmated"]
[WhiteElo "976"]
[BlackElo "1256"]
[Opening "Pirc defense"]
[ECO "B07"]
[NIC "PU.08"]
[Time "12:01:56"]
[PlyCount "118"]
[TimeControl "7200+10"]

1. e4 d6 2. d4 Nf6 3. Nf3 Nxe4 4. Bd3 d5 5. Nc3 Nxc3 6. bxc3 g6 7. O-O Bg7
8. Qe1 Nc6 9. Ba3 O-O 10. c4 Be6 11. cxd5 Bxd5 12. Qe2 Bxf3 13. Qxf3 Nxd4
14. Qe3 Re8 15. Rad1 e6 16. c3 Nf5 17. Bxf5 Qh4 18. Be4 c6 19. Rd3 e5 20.
Qh3 Qxe4 21. Rfd1 Qa4 22. Bc1 Qxa2 23. Rd7 Qa4 24. Qf3 Qc4 25. Rxb7 e4 26.
Qf4 Rad8 27. Rxd8 Rxd8 28. Rb8 Qd5 29. h3 Be5 30. Rxd8+ Qxd8 31. Qxe5 Qd1+
32. Kh2 Qxc1 33. Qe8+ Kg7 34. Qxc6 Qc2 35. Qc5 h5 36. Qd4+ Kh7 37. c4 a5
38. c5 a4 39. c6 Qxc6 40. g4 a3 41. g5 a2 42. Qa7 Qd6+ 43. Kg2 Qe6 44. h4
Qg4+ 45. Kf1 Qd1+ 46. Kg2 a1=Q 47. Qxf7+ Qg7 48. Qf4 Qf3+ 49. Qxf3 exf3+
50. Kxf3 Qc3+ 51. Kg2 Kg7 52. f3 Kf7 53. Kg3 Ke6 54. Kf4 Qd4+ 55. Kg3 Kf5
56. Kg2 Kf4 57. Kh2 Kxf3 58. Kh1 Kf2 59. Kh2 Qxh4# { White checkmated } 0-1

[Event "ICC tourney 2246 (120 10)"]
[Site "Internet Chess Club"]
[Date "2020.12.27"]
[Round "3"]
[White "acgc"]
[Black "e4h5"]
[Result "1/2-1/2"]
[ICCResult "Game drawn by mutual agreement"]
[WhiteElo "946"]
[BlackElo "1239"]
[Opening "Sicilian"]
[ECO "B50"]
[NIC "SI.01"]
[Time "12:02:02"]
[PlyCount "75"]
[TimeControl "7200+10"]

1. e4 c5 2. Nf3 d6 3. Bc4 Nf6 4. Nc3 g6 5. d3 Bg7 6. Be3 a6 7. a4 O-O 8.
O-O Nc6 9. Qd2 Bg4 10. Qe2 Ne5 11. Rad1 Nxf3+ 12. gxf3 Bh5 13. d4 cxd4 14.
Bxd4 Qd7 15. Qe3 Qh3 16. Be2 Rab8 17. f4 Qxe3 18. fxe3 Bxe2 19. Nxe2 Nxe4
20. Bxg7 Kxg7 21. Rd4 Nf6 22. Nc3 Rfd8 23. e4 e6 24. Rfd1 Ne8 25. e5 d5 26.
Ne4 Rdc8 27. Nc3 Rc6 28. R1d3 Rbc8 29. Rb4 Rc4 30. Rxc4 Rxc4 31. Rf3 d4 32.
Ne4 Rxc2 33. b3 Nc7 34. Rd3 Rb2 35. Rxd4 Rxb3 36. Nc5 Rb1+ 37. Kg2 Nd5 38.
Kg3 { Game drawn by mutual agreement } 1/2-1/2

[Event "ICC tourney 2246 (120 10)"]
[Site "Internet Chess Club"]
[Date "2020.12.27"]
[Round "3"]
[White "lucasnc"]
[Black "Phoenix25"]
[Result "1-0"]
[ICCResult "Black checkmated"]
[WhiteElo "877"]
[BlackElo "171"]
[Opening "QGD: Marshall defense"]
[ECO "D06"]
[NIC "QP.08"]
[Time "12:01:45"]
[PlyCount "69"]
[TimeControl "7200+10"]

1. d4 d5 2. c4 Nf6 3. Nc3 dxc4 4. e3 Nc6 5. Nf3 Bg4 6. Bxc4 e6 7. d5 exd5
8. Nxd5 Nxd5 9. Bxd5 Nb4 10. e4 Bd6 11. h3 Bh5 12. a3 Nc6 13. Qb3 O-O 14.
Qxb7 Rb8 15. Qxc6 Rb6 16. Qc3 Re8 17. O-O Be5 18. Nxe5 Qd6 19. Nf3 Qg6 20.
Nh4 Qd6 21. Nf5 Qg6 22. g3 Be2 23. Re1 Bb5 24. a4 Bc6 25. Bxc6 Rxc6 26. Qd4
f6 27. Qd5+ Rce6 28. Nd4 Kf8 29. Nxe6+ Ke7 30. Rd1 Rd8 31. Nxd8 f5 32. Qe5+
Kf8 33. Rd7 Kg8 34. Bg5 Qxg5 35. Qe8# { Black checkmated } 1-0

[Event "ICC tourney 2246 (120 10)"]
[Site "Internet Chess Club"]
[Date "2020.12.27"]
[Round "3"]
[White "buptwy"]
[Black "potatos22"]
[Result "0-1"]
[ICCResult "White checkmated"]
[WhiteElo "830"]
[BlackElo "1088"]
[Opening "Ruy Lopez: 5.O-O"]
[ECO "C78"]
[NIC "RL.12"]
[Time "12:02:00"]
[PlyCount "132"]
[TimeControl "7200+10"]

1. e4 e5 2. Nf3 Nc6 3. Bb5 a6 4. Ba4 Nf6 5. O-O b5 6. Bb3 Bc5 7. a4 Rb8 8.
c3 d6 9. d4 Bb6 10. a5 Ba7 11. Bg5 h6 12. Bh4 O-O 13. Qd3 Bg4 14. h3 Bh5
15. Rd1 Qe7 16. Bd5 Nd8 17. Na3 Ne6 18. Nc2 Nf4 19. Qe3 N4xd5 20. exd5 Rfe8
21. Kh2 Nxd5 22. Bxe7 Nxe3 23. fxe3 Rxe7 24. g4 Bg6 25. Nb4 Re6 26. Nc6 Ra8
27. Nh4 Be4 28. Nxa7 Rxa7 29. Nf5 Rf6 30. Rf1 Kh7 31. Rad1 Ra8 32. dxe5
dxe5 33. b4 c6 34. h4 Re8 35. Nd6 Rxf1 36. Rxf1 Bd3 37. Rd1 Be2 38. Rd2 Rd8
39. Kg3 h5 40. Rxe2 Rxd6 41. gxh5 Rd3 42. Rc2 Rxe3+ 43. Kg4 Re4+ 44. Kg3
Kh6 45. Rf2 f6 46. Rf5 Rc4 47. Kf2 Rxc3 48. Ke2 Rb3 49. Kd2 Rxb4 50. Kc3
Ra4 51. Kb3 Rxa5 52. Kb4 Ra4+ 53. Kb3 c5 54. Kc3 Rb4 55. Kc2 a5 56. Kc3 a4
57. Kc2 a3 58. Kc3 a2 59. Rf1 Rb1 60. Rxb1 axb1=Q 61. Kd2 c4 62. Kc3 Qb3+
63. Kd2 c3+ 64. Ke3 c2+ 65. Ke4 c1=Q 66. Kf5 Qf4# { White checkmated } 0-1

[Event "ICC tourney 2246 (120 10)"]
[Site "Internet Chess Club"]
[Date "2020.12.27"]
[Round "3"]
[White "waterycargo"]
[Black "DanielGuan"]
[Result "0-1"]
[ICCResult "White resigns"]
[WhiteElo "1222"]
[BlackElo "985"]
[Opening "Queen's pawn: London system"]
[ECO "A45"]
[NIC "QP.07"]
[Time "12:01:43"]
[PlyCount "76"]
[TimeControl "7200+10"]

1. d4 Nf6 2. Bf4 g6 3. e3 Bg7 4. Nf3 O-O 5. Be2 d6 6. O-O Bd7 7. c4 c5 8.
Nc3 cxd4 9. exd4 Nh5 10. Bg5 h6 11. Bh4 Nf4 12. Re1 Nc6 13. Qd2 Nxe2+ 14.
Rxe2 Bg4 15. d5 Ne5 16. Qe3 g5 17. Bg3 Bxf3 18. gxf3 Nxc4 19. Qxe7 Qxe7 20.
Rxe7 Nxb2 21. Ne4 Rfd8 22. Rxb7 f5 23. Bxd6 fxe4 24. Rxg7+ Kxg7 25. Be5+
Kg6 26. Bxb2 exf3 27. Rd1 Rab8 28. Be5 Rxd5 29. Re1 Re8 30. Bc3 Rxe1+ 31.
Bxe1 Rd1 32. Kf1 Kf5 33. h3 Ra1 34. a4 Rxa4 35. Kg1 Ra1 36. Kf1 Rb1 37. h4
a5 38. hxg5 hxg5 { White resigns } 0-1

[Event "ICC tourney 2246 (120 10)"]
[Site "Internet Chess Club"]
[Date "2020.12.27"]
[Round "3"]
[White "jhong3"]
[Black "Chai2006"]
[Result "1/2-1/2"]
[ICCResult "Game drawn because neither player has mating material"]
[WhiteElo "934"]
[BlackElo "1159"]
[Opening "French defense"]
[ECO "C00"]
[NIC "FR.01"]
[Time "12:01:52"]
[PlyCount "177"]
[TimeControl "7200+10"]

1. e4 e6 2. Nf3 d5 3. exd5 exd5 4. d4 Nf6 5. Bd3 Bd6 6. O-O Be6 7. Nc3 c6
8. Re1 h6 9. Bf5 Qd7 10. Re2 Na6 11. Qe1 Nc7 12. Bxe6 Nxe6 13. a3 O-O 14.
Bd2 Rac8 15. Na4 b5 16. Nc3 a6 17. Ne5 Bxe5 18. dxe5 Ne8 19. Be3 Qb7 20.
Rd2 N8c7 21. b4 Na8 22. Bc5 Rfd8 23. Bd6 Nb6 24. Ne2 Nc4 25. Rd3 Nxd6 26.
exd6 Rxd6 27. Rc1 Re8 28. Nf4 Qe7 29. Re3 Qg5 30. g3 Nxf4 31. Rxe8+ Kh7 32.
Re5 Qg4 33. Qe3 Rf6 34. f3 Qg6 35. Kh1 Nh3 36. Kg2 Nf4+ 37. Kf1 Nh3 38. Qd3
Ng5 39. Qxg6+ Kxg6 40. f4 Ne4 41. Ke2 Re6 42. Kf3 Rxe5 43. fxe5 Kf5 44. g4+
Kxe5 45. Re1 f5 46. gxf5 Kxf5 47. h4 g5 48. hxg5 hxg5 49. Ke3 g4 50. Rg1 g3
51. Kf3 Kg5 52. Rh1 Nd2+ 53. Kxg3 Nc4 54. Ra1 Kf5 55. Kf3 Ke5 56. c3 d4 57.
Ke2 dxc3 58. Kd3 c2 59. Kxc2 Ke4 60. Kb3 Kd3 61. Rh1 Nd2+ 62. Kb2 Nc4+ 63.
Kb3 Nd2+ 64. Ka2 Ne4 65. Rh6 c5 66. Rxa6 cxb4 67. axb4 Kc3 68. Ka3 Nd2 69.
Rc6+ Nc4+ 70. Ka2 Kxb4 71. Rh6 Ka5 72. Kb3 Nd2+ 73. Kc3 Ne4+ 74. Kd4 Nd2
75. Kc5 Nb3+ 76. Kc6 b4 77. Rh8 Nd4+ 78. Kc5 Ne6+ 79. Kc4 Nc7 80. Rh5+ Ka4
81. Rh7 Nb5 82. Rh8 Na3+ 83. Kd3 Kb3 84. Rb8 Nc2 85. Rc8 Na1 86. Rc1 Ka2
87. Kc4 b3 88. Rxa1+ Kxa1 89. Kxb3 { Game drawn because neither player has
mating material } 1/2-1/2

[Event "ICC tourney 2246 (120 10)"]
[Site "Internet Chess Club"]
[Date "2020.12.27"]
[Round "3"]
[White "ChaosOrigin"]
[Black "auggie29"]
[Result "0-1"]
[ICCResult "White resigns"]
[WhiteElo "1237"]
[BlackElo "1095"]
[Opening "Sicilian: Nimzovich-Rossolimo attack (without ...d6)"]
[ECO "B30"]
[NIC "SI.31"]
[Time "12:14:31"]
[PlyCount "62"]
[TimeControl "7200+10"]

1. e4 c5 2. Nf3 Nc6 3. Bb5 d6 4. Bxc6+ bxc6 5. d4 cxd4 6. Qxd4 e5 7. Qc3
Bb7 8. Bg5 Be7 9. Be3 Nf6 10. Nbd2 Qc7 11. O-O-O a5 12. Ng5 h6 13. Nh3 d5
14. exd5 Bb4 15. Qc4 Nxd5 16. c3 Bd6 17. Bc5 O-O 18. Bxd6 Qxd6 19. Ne4 Qg6
20. Ng3 a4 21. a3 Ba6 22. Qc5 Rab8 23. c4 Nb6 24. Rd6 Qh7 25. Rxc6 Nxc4 26.
Rxa6 Rxb2 27. Qxf8+ Kxf8 28. Ra8+ Ke7 29. Ra7+ Kd6 30. Rd1+ Kc6 31. Ra6+
Kb5 { White resigns } 0-1

[Event "ICC tourney 2246 (120 10)"]
[Site "Internet Chess Club"]
[Date "2020.12.27"]
[Round "3"]
[White "ThorGodOfBlitz"]
[Black "saahilkajarekar"]
[Result "0-1"]
[ICCResult "White checkmated"]
[WhiteElo "1130"]
[BlackElo "910"]
[Opening "Hungarian defense"]
[ECO "C50"]
[NIC "IG.03"]
[Time "12:02:00"]
[PlyCount "146"]
[TimeControl "7200+10"]

1. e4 e5 2. Nf3 Nc6 3. Bc4 Be7 4. Nc3 Nf6 5. d3 O-O 6. O-O d6 7. Re1 Bg4 8.
Be3 Re8 9. Nd5 Nxd5 10. exd5 Na5 11. b4 Nxc4 12. dxc4 Bf6 13. h3 Bxf3 14.
gxf3 e4 15. Rb1 exf3 16. Qxf3 Qd7 17. b5 Rac8 18. Qg4 Qxg4+ 19. hxg4 h6 20.
Bd2 Kf8 21. Rxe8+ Kxe8 22. Re1+ Kd7 23. Kg2 c6 24. bxc6+ bxc6 25. dxc6+
Rxc6 26. Re4 Ra6 27. Re2 Rxa2 28. Be3 a5 29. Rd2 Kc6 30. Bf4 Be5 31. Bxe5
dxe5 32. Re2 f6 33. Kf3 a4 34. Ke3 Ra1 35. Kd3 Rb1 36. c3 Rg1 37. f3 Ra1
38. Rb2 Rd1+ 39. Kc2 Rd8 40. Ra2 Ra8 41. Kd3 Kc5 42. Ra3 g6 43. Ra2 h5 44.
gxh5 gxh5 45. Rh2 a3 46. Ra2 h4 47. Ke2 Kxc4 48. Kd2 h3 49. Kc1 Kxc3 50.
Kb1 Rb8+ 51. Kc1 Rb2 52. Rxa3+ Rb3 53. Ra2 Kc4 54. Rh2 Rxf3 55. Kd2 Ra3 56.
Ke1 e4 57. Kf1 f5 58. Re2 Kd4 59. Kf2 Rf3+ 60. Kg1 Kd3 61. Rh2 e3 62. Ra2
Rf2 63. Rxf2 exf2+ 64. Kxf2 h2 65. Kg2 Ke2 66. Kxh2 f4 67. Kg1 f3 68. Kh1
f2 69. Kh2 f1=Q 70. Kg3 Qf5 71. Kh2 Qg4 72. Kh1 Kf2 73. Kh2 Qg2# { White
checkmated } 0-1

[Event "ICC tourney 2246 (120 10)"]
[Site "Internet Chess Club"]
[Date "2020.12.27"]
[Round "3"]
[White "RubyD"]
[Black "traycon"]
[Result "1/2-1/2"]
[ICCResult "Game drawn because neither player has mating material"]
[WhiteElo "1122"]
[BlackElo "857"]
[Opening "French: exchange variation"]
[ECO "C01"]
[NIC "FR.01"]
[Time "12:01:58"]
[PlyCount "146"]
[TimeControl "7200+10"]

1. e4 e6 2. d4 d5 3. exd5 exd5 4. Nf3 c6 5. Be3 Bd6 6. c4 Ne7 7. Nc3 O-O 8.
Qc2 h6 9. Qb3 Qa5 10. Bd2 dxc4 11. Bxc4 Qb4 12. Qxb4 Bxb4 13. O-O Bd6 14.
d5 Bg4 15. Nd4 c5 16. Ndb5 Nc8 17. Ne4 Rd8 18. Nexd6 Nxd6 19. Nc7 Nxc4 20.
Nxa8 Nxd2 21. Rfe1 Na6 22. h3 Bh5 23. Re5 Bg6 24. Rd1 Nc4 25. Re7 Nd6 26.
Nc7 Nf5 27. Re8+ Rxe8 28. Nxe8 f6 29. d6 Bxe8 30. d7 Bxd7 31. Rxd7 Nb4 32.
a3 Nc6 33. Rxb7 Nd6 34. Rc7 Na5 35. Rxa7 Ndc4 36. Rc7 Nxb2 37. Rxc5 Nac4
38. a4 Ne5 39. a5 Na4 40. Rb5 Nd7 41. Rb4 Nac5 42. Kf1 Kf7 43. Ke2 Ke6 44.
Ke3 Kd5 45. Rg4 Ne6 46. f4 g5 47. fxg5 hxg5 48. a6 Nb6 49. a7 Kc5 50. Re4
Nc7 51. h4 gxh4 52. Rxh4 Nc4+ 53. Kf4 Kb6 54. Rh7 Na8 55. Kf5 Ne3+ 56. Kxf6
Nxg2 57. Ke5 Ne3 58. Kd6 Nc4+ 59. Ke6 Na5 60. Rd7 Nc6 61. Rd6 Kc7 62. Rd7+
Kb6 63. Kd5 Nxa7 64. Rd6+ Kc7 65. Ke6 Nb6 66. Rd1 Nc6 67. Rc1 Kb7 68. Kd6
Nd4 69. Rc7+ Ka6 70. Rc1 Nb5+ 71. Ke5 Kb7 72. Rb1 Na3 73. Rxb6+ Kxb6 { Game
drawn because neither player has mating material } 1/2-1/2

[Event "ICC tourney 2246 (120 10)"]
[Site "Internet Chess Club"]
[Date "2020.12.27"]
[Round "3"]
[White "raadix028"]
[Black "Pranavthepro"]
[Result "1/2-1/2"]
[ICCResult "White stalemated"]
[WhiteElo "819"]
[BlackElo "1078"]
[Opening "Queen's pawn, Mason variation"]
[ECO "D00"]
[NIC "QP.08"]
[Time "12:01:51"]
[PlyCount "134"]
[TimeControl "7200+10"]

1. d4 d5 2. Bf4 e6 3. e3 Nf6 4. Nf3 c5 5. c3 Nc6 6. Nbd2 Bd6 7. Bg3 Nh5 8.
Bxd6 Qxd6 9. Ne5 Nf6 10. Ndf3 Nd7 11. Bb5 Ncxe5 12. Nxe5 a6 13. Qa4 f6 14.
Nd3 c4 15. Nc5 Kd8 16. Qb4 Nxc5 17. dxc5 Qc7 18. Ba4 a5 19. Qa3 Bd7 20. Bd1
e5 21. b4 cxb3 22. Bxb3 Bc6 23. O-O Ke7 24. Rfd1 Rhd8 25. Qb2 a4 26. Bc2 a3
27. Qb4 Qa5 28. Bxh7 Qxb4 29. cxb4 Ra4 30. Rab1 d4 31. Kf1 Bd5 32. Rd2 dxe3
33. fxe3 Bc4+ 34. Ke1 Rxd2 35. Kxd2 Bxa2 36. Ra1 Bd5 37. e4 Bc6 38. Kc3 Kf7
39. Bf5 g6 40. Bg4 Bxe4 41. g3 f5 42. Bd1 Ra8 43. Bb3+ Kf6 44. b5 f4 45.
gxf4 exf4 46. Kd2 Rd8+ 47. Ke2 f3+ 48. Kf1 Rd3 49. Bc2 Rd4 50. Bxe4 Rxe4
51. Rxa3 Rf4 52. h4 Rf5 53. Rc3 Ke7 54. c6 bxc6 55. bxc6 Rf8 56. c7 Rc8 57.
Kf2 Kd7 58. Kxf3 Rxc7 59. Rxc7+ Kxc7 60. Kg4 Kd7 61. Kg5 Ke8 62. Kxg6 Kf8
63. Kh7 Kf7 64. h5 Kf8 65. h6 Kf7 66. Kh8 Kg6 67. h7 Kf7 { White stalemated
} 1/2-1/2

[Event "ICC tourney 2246 (120 10)"]
[Site "Internet Chess Club"]
[Date "2020.12.27"]
[Round "3"]
[White "boxingguy2469x"]
[Black "cfetteroll"]
[Result "1/2-1/2"]
[ICCResult "Game drawn by mutual agreement"]
[WhiteElo "1048"]
[BlackElo "1275"]
[Opening "English: Carls' Bremen system"]
[ECO "A22"]
[NIC "EO.10"]
[Time "12:01:49"]
[PlyCount "79"]
[TimeControl "7200+10"]

1. c4 e5 2. Nc3 Nf6 3. g3 Nc6 4. Bg2 d6 5. f3 Be6 6. e4 Bxc4 7. d3 Be6 8.
Nge2 g6 9. O-O Qd7 10. d4 exd4 11. Nxd4 Nxd4 12. Qxd4 Bg7 13. Bg5 c5 14.
Qd3 h6 15. Bf4 Bf8 16. Qb5 a6 17. Qxd7+ Nxd7 18. Rad1 Ne5 19. Nd5 Bxd5 20.
Rxd5 f6 21. Bxe5 fxe5 22. Bh3 g5 23. Rfd1 Rd8 24. Bf5 h5 25. Bg6+ Ke7 26.
f4 gxf4 27. gxf4 Rg8 28. f5 Bh6 29. Kh1 h4 30. Rf1 Bf4 31. Kg2 a5 32. Kh3
Rh8 33. Rfd1 Be3 34. Rf1 Bd4 35. b3 b5 36. f6+ Kd7 37. f7 Kc6 38. Bh5 b4
39. Rf6 Kc7 40. Bg4 { Game drawn by mutual agreement } 1/2-1/2

[Event "ICC tourney 2246 (120 10)"]
[Site "Internet Chess Club"]
[Date "2020.12.27"]
[Round "3"]
[White "chessrdu20"]
[Black "aWildNateDawg"]
[Result "1-0"]
[ICCResult "Black resigns"]
[WhiteElo "1074"]
[BlackElo "1109"]
[Opening "Four knights: Italian variation"]
[ECO "C55"]
[NIC "IG.01"]
[Time "12:02:02"]
[PlyCount "129"]
[TimeControl "7200+10"]

1. e4 e5 2. Nf3 Nc6 3. Bc4 Nf6 4. Nc3 Be7 5. O-O O-O 6. d4 exd4 7. Nxd4
Nxd4 8. Qxd4 d6 9. h3 Nd7 10. Bf4 Bf6 11. Qd2 Nc5 12. Rfe1 Re8 13. Rad1
Bxc3 14. Qxc3 Be6 15. Bxe6 Nxe6 16. Qf3 Qf6 17. Bc1 Qxf3 18. gxf3 Rad8 19.
Be3 Nf8 20. Bf4 Ng6 21. Bg3 Ne5 22. Kg2 Rf8 23. f4 Nc6 24. a3 f6 25. h4 Kf7
26. Kh3 h5 27. f3 Rfe8 28. Rd5 g6 29. c3 a6 30. Bf2 Re6 31. f5 Re5 32.
fxg6+ Kxg6 33. Rd2 Rde8 34. Bg3 R5e7 35. Rg2 Kh7 36. Rd1 f5 37. exf5 Ne5
38. Rd5 Rf7 39. b3 Ref8 40. f4 Ng4 41. f6 Nxf6 42. Rf5 Kh6 43. Bh2 Ng4 44.
Rg5 Nxh2 45. Kxh2 Rxf4 46. Rg6+ Kh7 47. Kh3 Rf3+ 48. R2g3 Rxg3+ 49. Rxg3
Rf4 50. Re3 Kg7 51. Rg3+ Kf6 52. a4 Ke5 53. Rg5+ Ke4 54. Rxh5 Rf3+ 55. Kg4
Rxc3 56. Rh8 Rxb3 57. h5 Rb4 58. h6 Kd5+ 59. Kg5 Rxa4 60. h7 Ra1 61. Rf8
Rh1 62. Rf5+ Kc6 63. Kg6 b5 64. Rh5 Rg1+ 65. Kh6 { Black resigns } 1-0

[Event "ICC tourney 2246 (120 10)"]
[Site "Internet Chess Club"]
[Date "2020.12.27"]
[Round "3"]
[White "Pip04"]
[Black "jayburd56"]
[Result "0-1"]
[ICCResult "White checkmated"]
[WhiteElo "1259"]
[BlackElo "1298"]
[Opening "Queen's pawn"]
[ECO "A40"]
[NIC "QO.17"]
[Time "12:01:50"]
[PlyCount "82"]
[TimeControl "7200+10"]

1. d4 c6 2. Bf4 d5 3. e3 c5 4. Nc3 Nc6 5. Nf3 Bg4 6. h3 Bxf3 7. Qxf3 e6 8.
O-O-O a6 9. g4 Bd6 10. g5 Nge7 11. Qg3 Bxf4 12. Qxf4 Ng6 13. Qg4 c4 14. f4
Nge7 15. Bg2 Nf5 16. Rde1 O-O 17. h4 h5 18. Qf3 g6 19. Ne2 Qa5 20. a3 b5
21. c3 Rfb8 22. e4 b4 23. cxb4 Nxb4 24. exf5 Na2+ 25. Kc2 Qa4+ 26. Kd2
Rxb2+ 27. Ke3 Qxa3+ 28. Kf2 Qb4 29. Qe3 exf5 30. Qc1 Re8 31. Qd1 Nc3 32.
Kg1 Nxd1 33. Rxd1 Rexe2 34. Rh2 Re1+ 35. Bf1 Rxd1 36. Rf2 Rxf2 37. Kxf2
Qe1+ 38. Kg2 Qxf1+ 39. Kh2 Rd2+ 40. Kg3 Qf2+ 41. Kh3 Qh2# { White
checkmated } 0-1

[Event "ICC tourney 2246 (120 10)"]
[Site "Internet Chess Club"]
[Date "2020.12.27"]
[Round "4"]
[White "AarushV5"]
[Black "mimzhang"]
[Result "0-1"]
[ICCResult "White checkmated"]
[WhiteElo "672"]
[BlackElo "984"]
[Opening "Giuoco Pianissimo: Italian four knights variation"]
[ECO "C50"]
[NIC "IG.02"]
[Time "17:17:42"]
[PlyCount "40"]
[TimeControl "7200+10"]

1. e4 e5 2. Nf3 Nc6 3. Bc4 Bc5 4. Nc3 Nf6 5. d3 d6 6. O-O Bg4 7. h3 Bh5 8.
a3 Nd4 9. Bg5 Nxf3+ 10. gxf3 h6 11. Bh4 g5 12. Bg3 Qd7 13. Re1 Qxh3 14. Qd2
Qxg3+ 15. Kf1 Qh3+ 16. Kg1 Bxf3 17. Bb5+ c6 18. Bxc6+ bxc6 19. Qxg5 hxg5
20. Re3 Qh1# { White checkmated } 0-1

[Event "ICC tourney 2246 (120 10)"]
[Site "Internet Chess Club"]
[Date "2020.12.27"]
[Round "4"]
[White "Karloschess"]
[Black "kitook"]
[Result "0-1"]
[ICCResult "White checkmated"]
[WhiteElo "478"]
[BlackElo "426"]
[Opening "Ruy Lopez: Wing attack"]
[ECO "C78"]
[NIC "RL.12"]
[Time "17:17:41"]
[PlyCount "44"]
[TimeControl "7200+10"]

1. e4 e5 2. Nf3 Nc6 3. Bb5 a6 4. Ba4 Nf6 5. O-O b5 6. Bb3 Be7 7. a4 bxa4 8.
Bxa4 Nxe4 9. Re1 Nf6 10. Nxe5 Nxe5 11. Rxe5 O-O 12. Re1 d5 13. d3 Bf5 14.
Nc3 d4 15. Nb1 c5 16. Qe2 Bd6 17. Qf3 Bg4 18. Qc6 Bd7 19. Qb7 Qa5 20. c3
Bxa4 21. b3 Rfe8 22. bxa4 Rxe1# { White checkmated } 0-1

[Event "ICC tourney 2246 (120 10)"]
[Site "Internet Chess Club"]
[Date "2020.12.27"]
[Round "4"]
[White "jhong2"]
[Black "jhong3"]
[Result "1-0"]
[ICCResult "Black resigns"]
[WhiteElo "1256"]
[BlackElo "934"]
[Opening "King's Indian: Smyslov system"]
[ECO "A04"]
[NIC "QP.11"]
[Time "17:17:42"]
[PlyCount "51"]
[TimeControl "7200+10"]

1. Nf3 d6 2. c4 Nf6 3. d4 g6 4. Bg5 Bg7 5. Nc3 O-O 6. g3 Nc6 7. Bg2 Bg4 8.
Qd2 a5 9. O-O Qd7 10. Rfe1 e5 11. dxe5 dxe5 12. Rad1 Qxd2 13. Rxd2 a4 14.
Red1 a3 15. b3 Rab8 16. Nb5 Ne4 17. Nxe5 Nxg5 18. Nxg4 f5 19. h4 Ne4 20.
Bxe4 fxe4 21. Rd7 Rbd8 22. Nxc7 Rfe8 23. Nxe8 Rxe8 24. Rxb7 h5 25. Rdd7 Bb2
26. Nh6+ { Black resigns } 1-0

[Event "ICC tourney 2246 (120 10)"]
[Site "Internet Chess Club"]
[Date "2020.12.27"]
[Round "4"]
[White "avbhosale"]
[Black "mukeshietk"]
[Result "1-0"]
[ICCResult "Black checkmated"]
[WhiteElo "235"]
[BlackElo "100"]
[Opening "Scandinavian (center counter) defense"]
[ECO "B01"]
[NIC "SD.02"]
[Time "17:17:51"]
[PlyCount "59"]
[TimeControl "7200+10"]

1. e4 d5 2. exd5 Qxd5 3. Nc3 Qe6+ 4. Be2 a5 5. Nf3 Ra6 6. O-O Rd6 7. Ng5
Qg6 8. d4 h6 9. Bd3 f5 10. Nf3 e6 11. Nb5 Rb6 12. Nxc7+ Kd8 13. Nb5 Be7 14.
Bf4 Nf6 15. Bc7+ Kd7 16. Bxb6 Ng4 17. h3 h5 18. hxg4 hxg4 19. Ne5+ Ke8 20.
Nxg6 Rh6 21. Nxe7 Kxe7 22. Re1 Bd7 23. Na7 Bc6 24. Bxf5 g3 25. fxg3 g6 26.
Bxe6 g5 27. Nc8+ Ke8 28. Bd5+ Kd7 29. Qg4+ Re6 30. Qxe6# { Black checkmated
} 1-0

[Event "ICC tourney 2246 (120 10)"]
[Site "Internet Chess Club"]
[Date "2020.12.27"]
[Round "4"]
[White "charlesshen"]
[Black "ltristam"]
[Result "1/2-1/2"]
[ICCResult "Game drawn by mutual agreement"]
[WhiteElo "1125"]
[BlackElo "1297"]
[Opening "Giuoco Piano"]
[ECO "C50"]
[NIC "IG.02"]
[Time "17:17:28"]
[PlyCount "115"]
[TimeControl "7200+10"]

1. e4 e5 2. Nf3 Nc6 3. Bc4 Bc5 4. O-O Nf6 5. d3 d6 6. Be3 Bb6 7. Nbd2 O-O
8. c3 Na5 9. Qc2 Nxc4 10. Nxc4 Bg4 11. Nxb6 axb6 12. Nd2 d5 13. d4 dxe4 14.
Nxe4 Bf5 15. Nxf6+ Qxf6 16. dxe5 Qxe5 17. Qb3 Be6 18. Qc2 Bxa2 19. b3 Qa5
20. Qb2 Qa3 21. Qxa3 Rxa3 22. Rfd1 Rfa8 23. Rd7 h6 24. h3 Bxb3 25. Rxa3
Rxa3 26. Rxc7 Bd5 27. Bxb6 Bc6 28. Bd4 Ra5 29. Kh2 Rg5 30. g4 h5 31. Kg3
hxg4 32. hxg4 f5 33. f3 fxg4 34. fxg4 Rg6 35. Kf4 Kh7 36. Kf5 Bf3 37. g5
Bc6 38. Re7 Bd5 39. Re2 Rc6 40. Re7 Rg6 41. Re2 Rc6 42. g6+ Rxg6 43. Rh2+
Rh6 44. Re2 Kg8 45. Re7 Rh7 46. Kg6 Rh6+ 47. Kg5 Rh7 48. Kg6 Bf7+ 49. Kg5
b5 50. Rb7 Rh5+ 51. Kg4 Rd5 52. Kf4 Kf8 53. Rb8+ Be8 54. Bxg7+ Kxg7 55.
Rxe8 Rc5 56. Re5 Rc4+ 57. Kf5 Rxc3 58. Rxb5 { Game drawn by mutual
agreement } 1/2-1/2